Map: Frozen Temple

Players

ShoWTimE - Winner!

  • Race: Protoss Protoss

ByuN

  • Race: Terran Terran

Event: 2016 WCS Global Finals

VOD

https://youtu.be/6nRD7HrNZAM

Description

Time

  • Played on: Oct. 29, 2016, 1:24 p.m.
  • Length: 17:22

All games in this series

Show
View Real Time Build Order
Export as new Build Order

ShoWTimE Protoss - Winner!

Build Orders: 1 Gate Expand, Colossus Rush 

Get SALT Encoding   

  12  0:00  Probe (Chrono Boost)  
  13  0:11  Probe (Chrono Boost)  
  14  0:18  Pylon  
  14  0:22  Probe (Chrono Boost)  
  15  0:36  Probe (Chrono Boost)  
  15  0:37  Gateway  
  16  0:42  Assimilator  
  16  0:46  Probe (Chrono Boost)  
  18  0:57  Probe (Chrono Boost)  
  18  1:07  Probe (Chrono Boost)  
  19  1:20  Nexus  
  19  1:23  Probe (Chrono Boost)  
  20  1:34  Cybernetics Core  
  20  1:36  Probe (Chrono Boost)  
  21  1:42  Assimilator  
  21  1:46  Probe (Chrono Boost)  
  22  1:52  Pylon  
  22  1:57  Probe (Chrono Boost)  
  22  1:59  Warp Gate  
  23  2:07  Adept  
  23  2:12  Probe (Chrono Boost)  
  27  2:23  Robotics Facility  
  27  2:24  Probe (Chrono Boost)  
  27  2:31  Adept  
  27  2:33  Probe (Chrono Boost)  
  31  2:38  Probe (Chrono Boost)  
  32  2:45  Probe (Chrono Boost)  
  32  2:50  Probe (Chrono Boost)  
  33  2:57  Probe (Chrono Boost)  
  34  3:00  Probe (Chrono Boost)  
  35  3:06  Gateway x2  
  35  3:09  Probe (Chrono Boost)  
  35  3:12  Probe (Chrono Boost)  
  37  3:14  Observer  
  37  3:21  Probe (Chrono Boost)  
  37  3:24  Probe (Chrono Boost)  
  38  3:28  Assimilator  
  38  3:33  Probe (Chrono Boost)  
  39  3:35  Warp Prism  
  39  3:36  Assimilator, Probe (Chrono Boost)  
  39  3:37  Pylon  
  42  3:47  Mothership Core (Chrono Boost)  
  42  3:48  Probe (Chrono Boost)  
  45  3:54  Pylon  
  45  3:58  Probe (Chrono Boost)  
  46  4:03  Stalker  
  46  4:04  Stalker  
  46  4:05  Stalker  
  46  4:07  Probe (Chrono Boost)  
  46  4:09  Probe (Chrono Boost)  
  54  4:10  Observer  
  53  4:19  Probe x2 (Chrono Boost)  
  53  4:21  Pylon  
  55  4:30  Observer, Probe (Chrono Boost)  
  56  4:31  Probe (Chrono Boost)  
  56  4:32  Robotics Bay  
  57  4:41  Adept x2, Probe (Chrono Boost)  
  57  4:43  Stalker  
  64  4:47  Pylon  
  64  4:49  Observer  
  65  4:53  Twilight Council  
  65  4:55  Probe (Chrono Boost)  
  65  4:58  Probe (Chrono Boost)  
  67  5:06  Probe (Chrono Boost)  
  68  5:11  Adept, Sentry  
  68  5:12  Adept  
  74  5:15  Pylon  
  74  5:26  Colossus  
  74  5:29  Pylon  
  79  5:36  Stalker x2  
  79  5:39  Extended Thermal Lance  
  83  5:45  Probe (Chrono Boost), Resonating Glaives  
  80  5:58  Adept  
  82  6:05  Gateway  
  82  6:06  Gateway  
  83  6:11  Probe (Chrono Boost)  
  83  6:13  Pylon  
  83  6:16  Gateway, Colossus  
  88  6:31  Adept x2  
  92  6:33  Adept  
  94  6:50  Pylon  
  92  7:01  Nexus  
  92  7:02  Colossus  
  92  7:05  Adept x2  
  96  7:10  Pylon  
  101  7:18  Blink  
  101  7:20  Pylon  
  101  7:26  Probe (Chrono Boost)  
  103  7:30  Probe (Chrono Boost)  
  103  7:31  Forge  
  103  7:32  Adept, Sentry  
  103  7:34  Forge  
  107  7:39  Probe (Chrono Boost)  
  107  7:42  Probe (Chrono Boost)  
  109  7:44  Adept  
  109  7:45  Adept, Pylon  
  109  7:47  Adept  
  115  7:53  Stalker  
  115  7:56  Pylon  
  115  7:58  Disruptor  
  117  8:00  Forge  
  117  8:03  Forge  
  122  8:07  Probe x2 (Chrono Boost)  
  122  8:17  Adept x3  
  128  8:20  Protoss Ground Weapons Level 1  
  128  8:22  Probe x3 (Chrono Boost)  
  128  8:23  Protoss Ground Armor Level 1  
  128  8:24  Adept  
  133  8:29  Dark Shrine, Disruptor  
  138  8:43  Probe x2 (Chrono Boost)  
  138  8:48  Pylon  
  138  8:54  Assimilator, Probe (Chrono Boost)  
  138  8:55  Probe (Chrono Boost)  
  140  8:56  Assimilator  
  140  9:00  Nexus  
  140  9:03  Disruptor  
  141  9:16  Probe (Chrono Boost)  
  140  9:28  Pylon  
  140  9:31  Pylon  
  140  9:33  Gateway  
  140  9:34  Pylon, Stalker x4, Disruptor  
  140  9:37  Gateway  
  148  9:43  Pylon  
  149  10:00  Stalker x3  
  149  10:01  Stalker x3  
  149  10:06  Probe x3 (Chrono Boost)  
  162  10:10  Disruptor  
  162  10:11  Protoss Ground Armor Level 2  
  162  10:12  Templar Archives  
  162  10:13  Probe (Chrono Boost)  
  163  10:14  Pylon, Protoss Ground Weapons Level 2  
  163  10:18  Probe (Chrono Boost)  
  167  10:27  Adept  
  167  10:28  Adept x4  
  177  10:41  Dark Templar x2  
  181  10:52  Adept  
  181  10:53  Adept  
  180  10:58  Pylon  
  180  10:59  Pylon  
  180  11:03  Psionic Storm  
  179  11:13  Nexus  
  179  11:15  Pylon  
  179  11:17  High Templar x2, Pylon  
  183  11:19  Dark Templar  
  185  11:31  High Templar, Pylon  
  187  11:37  Pylon  
  183  11:49  Adept x3  
  183  11:50  Adept x3  
  195  12:03  Adept  
  197  12:08  High Templar  
  197  12:09  Gateway  
  197  12:12  Gateway, Protoss Ground Armor Level 3  
  197  12:14  Gateway  
  197  12:15  Photon Cannon  
  199  12:16  Gateway  
  199  12:18  Protoss Ground Weapons Level 3  
  199  12:25  Assimilator x2  
  199  12:29  Stalker  
  199  12:38  Pylon  
  197  12:53  Nexus  
  197  13:05  High Templar  
  199  13:18  Stargate  
  199  13:22  Photon Cannon  
  199  13:23  Pylon  
  199  13:24  Photon Cannon  
  199  13:27  Photon Cannon  
  197  13:43  Stalker  
  199  13:55  Adept x4  
  189  13:58  Adept  
  189  13:59  Dark Templar x2  
  189  14:00  Dark Templar  
  180  14:04  Adept, Dark Templar x2  
  172  14:12  Adept  
  161  14:19  Adept x3, Dark Templar  
  161  14:20  Adept  
  171  14:27  Adept  
  167  14:36  Stalker  
  167  14:37  Stalker x5  
  173  14:49  Stalker x3  
  155  15:09  Stalker x4  
  155  15:10  Stalker x5  
  171  15:20  Void Ray  
  140  15:32  Nexus  
  140  15:39  Adept x3  
  143  15:57  Dark Templar  
  137  16:10  Dark Templar  
  137  16:11  Adept x2  
  121  16:17  Adept  
  111  16:29  Mothership Core (Chrono Boost)  
  109  16:45  Adept x2, High Templar  
  109  16:46  Adept  
  109  17:19  Adept x5  
  109  17:20  Adept  
Show
View Real Time Build Order
Export as new Build Order

ByuN Terran 

Build Orders: Liberator Opening, MMM Bio 

Get SALT Encoding   

  12  0:00  SCV  
  13  0:13  SCV  
  14  0:17  Supply Depot  
  14  0:25  SCV  
  15  0:39  SCV  
  15  0:40  Barracks  
  16  0:44  Refinery  
  16  0:51  SCV  
  17  1:03  SCV  
  18  1:15  SCV  
  19  1:27  Orbital Command, Marine  
  20  1:42  Command Center  
  20  1:50  Factory  
  20  1:54  SCV  
  21  2:00  Refinery  
  21  2:03  Barracks Reactor  
  21  2:06  SCV  
  22  2:11  Supply Depot  
  22  2:18  SCV  
  23  2:33  SCV  
  23  2:35  Starport  
  23  2:36  Widow Mine  
  26  2:39  Marine x2  
  28  2:45  SCV  
  29  2:54  Orbital Command  
  29  2:57  Marine x2  
  29  2:58  SCV  
  32  3:05  Widow Mine  
  34  3:10  SCV  
  34  3:12  Medivac  
  37  3:17  Marine  
  37  3:18  Marine  
  39  3:21  SCV  
  39  3:22  SCV  
  41  3:28  Supply Depot  
  41  3:33  SCV, Liberator  
  42  3:34  SCV, Factory Tech Lab  
  42  3:36  Barracks  
  42  3:40  Marine x2  
  45  3:48  Supply Depot  
  46  3:53  SCV x2  
  50  3:59  Siege Tank  
  54  4:09  SCV  
  55  4:10  SCV  
  55  4:11  Marine x2  
  55  4:13  Supply Depot  
  56  4:21  SCV  
  56  4:22  SCV  
  58  4:25  Barracks Tech Lab  
  61  4:31  Siege Tank  
  61  4:33  SCV  
  61  4:34  SCV  
  61  4:35  Refinery  
  61  4:36  Engineering Bay  
  63  4:42  Marine x2  
  63  4:44  Marine  
  63  4:45  Stimpack  
  66  4:47  SCV x2  
  68  4:54  Bunker  
  68  4:55  Starport Reactor  
  68  4:56  Supply Depot  
  68  4:59  SCV x2  
  70  5:02  Supply Depot  
  70  5:09  Marine  
  70  5:12  Terran Infantry Weapons Level 1  
  70  5:17  Marine  
  70  5:18  SCV x2, Missile Turret  
  70  5:20  Marine  
  74  5:30  SCV x2  
  74  5:31  Supply Depot, Marine  
  74  5:34  Medivac  
  74  5:35  Marine  
  79  5:39  Viking  
  79  5:42  SCV  
  83  5:46  Marine  
  83  5:48  Marine  
  82  5:52  Barracks  
  82  5:53  Marine  
  82  5:56  Factory Reactor  
  83  6:05  Marauder  
  83  6:06  Marine  
  83  6:11  Marine, Liberator  
  86  6:16  Liberator  
  87  6:24  Marine  
  88  6:26  Marauder, Command Center  
  88  6:29  Marine  
  88  6:31  Supply Depot  
  94  6:33  Supply Depot  
  94  6:35  SCV  
  94  6:36  SCV  
  99  6:46  Barracks  
  99  6:48  Barracks, SCV  
  99  6:53  Marauder x2, Marine  
  102  6:57  Marine  
  100  7:01  SCV  
  100  7:02  SCV  
  100  7:05  Refinery  
  100  7:07  Terran Infantry Armor Level 1  
  100  7:13  SCV  
  100  7:14  Viking, SCV, Marauder x2, Marine  
  100  7:15  Marine  
  110  7:26  SCV x2  
  112  7:32  Marine x2  
  112  7:36  Marauder x2, Barracks Tech Lab  
  118  7:37  Factory Reactor  
  118  7:41  Orbital Command  
  118  7:42  Starport  
  118  7:48  Viking  
  120  7:55  Viking  
  122  8:00  Armory  
  122  8:01  Orbital Command  
  122  8:02  Engineering Bay, Combat Shields  
  122  8:03  Concussive Shells  
  122  8:15  SCV x2  
  124  8:22  Marauder x3, Marine x3  
  133  8:28  Supply Depot  
  133  8:30  Marine  
  133  8:31  SCV x3  
  133  8:33  Supply Depot  
  137  8:41  Viking x2  
  141  8:50  Viking x2  
  141  8:52  Supply Depot  
  141  8:54  Terran Infantry Weapons Level 2  
  145  9:02  SCV  
  145  9:03  SCV x2  
  145  9:06  Marauder x3  
  145  9:07  Marine x2  
  155  9:15  SCV x3  
  157  9:22  Viking x2  
  161  9:25  Medivac  
  161  9:28  Viking  
  165  9:32  Refinery  
  165  9:34  Refinery  
  165  9:43  Marauder x3, Marine x2  
  173  9:47  Marine  
  173  9:52  Marine  
  173  10:06  Supply Depot x2  
  173  10:07  Starport  
  173  10:11  Marauder x3  
  173  10:12  Fusion Core  
  178  10:22  Liberator x2  
  178  10:29  Missile Turret  
  178  10:30  SCV x2  
  178  10:32  Command Center  
  186  10:43  Terran Infantry Armor Level 2  
  186  10:51  Missile Turret  
  186  10:52  Missile Turret  
  186  10:58  Starport Tech Lab  
  186  11:07  Sensor Tower  
  186  11:11  Terran Infantry Weapons Level 3  
  186  11:15  Terran Ship Weapons Level 1  
  186  11:21  Advanced Ballistics  
  186  11:35  Barracks  
  186  11:37  Barracks  
  186  11:38  Barracks  
  181  11:45  SCV x3  
  181  11:48  Liberator x3  
  181  11:49  Liberator  
  181  12:07  Viking  
  192  12:27  Planetary Fortress  
  192  12:29  Marauder x2, Marine  
  198  12:30  Marauder, Marine  
  198  12:36  Liberator  
  198  12:37  Liberator x2  
  200  12:38  Ghost Academy  
  199  12:47  Missile Turret  
  187  12:54  Barracks Reactor  
  187  12:55  Barracks Tech Lab  
  187  12:57  Barracks Tech Lab  
  187  13:08  Marauder  
  187  13:09  Marauder x2  
  187  13:11  Marine x4  
  197  13:16  Ghost  
  197  13:18  Marine  
  200  13:28  Refinery x2  
  200  13:50  Viking  
  200  13:51  Viking  
  200  14:06  Marauder x3  
  193  14:11  Marine  
  193  14:12  Marine  
  193  14:14  Marine  
  193  14:16  Marauder  
  193  14:17  Marauder, Marine x2  
  199  14:25  Command Center x2  
  199  14:28  Marauder  
  199  14:31  Terran Infantry Armor Level 3  
  192  14:45  Marine x2  
  191  14:46  Marine x2  
  191  14:47  Marauder  
  191  14:49  Terran Ship Weapons Level 2  
  192  14:59  Marine  
  179  15:00  Marine x2  
  179  15:02  Marauder x2, Marine  
  179  15:03  Marine  
  179  15:04  Viking x2  
  174  15:08  Marine x3  
  174  15:12  Medivac x3  
  174  15:14  Marine  
  180  15:17  Marine  
  180  15:18  Marauder  
  180  15:21  Marauder  
  176  15:23  Marauder x2  
  176  15:24  Marine  
  151  15:28  Liberator  
  151  15:31  Liberator  
  151  15:32  Marauder  
  151  15:33  Marine, Liberator  
  151  15:34  Marine x3  
  151  15:35  Marine  
  150  15:40  Marauder  
  150  15:41  Marine  
  150  15:42  Orbital Command  
  155  15:55  Marine x3  
  159  15:58  Marine  
  159  15:59  Marine x3  
  159  16:00  Marine  
  159  16:02  Marine  
  161  16:06  Marine x2  
  144  16:12  Marine  
  144  16:13  Marine  
  144  16:16  Marine  
  144  16:17  Marauder x2, Marine  
  135  16:19  Marine  
  135  16:24  Marine  
  130  16:30  Marine  
  123  16:39  Orbital Command  
  108  16:42  Marine x2  
  108  16:43  Marine  
  97  16:51  Marine  
  91  17:01  Barracks x2  
  91  17:02  Marine  
Tags
 
Add a new tag
Caveats
  • Supply blocks, unpowered buildings, or Contaminate may cause inaccurate times.
  • Supply counts are checked every 10 seconds.